Cogmind - Beta 11.1 @@@ ROGUE MODE // 2022.12.16 @ 17:35:00 Player: L1l7 Result: Destroyed by Enhanced Grunt with Neutron Cannon Performance ------------- Evolutions (4) 2000 Regions Visited (7) 1400 Robots Destroyed (22) 110 Value Destroyed (513) 513 Prototype IDs (216) 4320 Alien Tech Used (0) 0 Bonus (3300) 3300 TOTAL SCORE: 11643 Bonus ------- Met Data Miner 300 Used Data Conduit 3000 Cogmind --------- Core Integrity 0/850 Matter 300/300 Energy 88/100 System Corruption 0% Temperature Cool (0) Movement Core (50) Location -6/Data Miner Parts ------- > --- POWER (2) -------- (None) > --- PROPULSION (5) --- (None) > --- UTILITY (6) ------ Enhanced Optical Array Focal Shield > --- WEAPON (2) ------- (None) > --- INVENTORY (5) ---- Micro Nuclear Core VTOL Module Reaction Control System Cloaking Device Improved Spread Laser Peak State ------------ > --- POWER ------------ Micro Nuclear Core > --- PROPULSION ------- Improved Hover Unit Improved Hover Unit Improved Hover Unit Gravmag System > --- UTILITY ---------- Medium Storage Unit Advanced Visual Processing Unit Enhanced Optical Array Advanced Targeting Computer Focal Shield Force Field > --- WEAPON ----------- Improved Spread Laser > --- INVENTORY -------- Micro Nuclear Core VTOL Module Advanced Weight Redist. System Reaction Control System Cloaking Device Improved Spread Laser Improved Spread Laser Heavy Rocket Launcher Rocket Array Power Maul [Rating: 45] Favorites ----------- Power Micro Nuclear Core Engine Light Ion Engine Power Core Micro Nuclear Core Propulsion Compact Wheel Treads Medium Treads Wheel Compact Wheel Hover Unit Improved Hover Unit Flight Unit Improved Flight Unit Utility Medium Storage Unit Device Focal Shield Storage Medium Storage Unit Processor Advanced Visual Processing Unit Protection Improved Propulsion Shielding Weapon Improved Spread Laser Energy Gun Improved Spread Laser Ballistic Gun Light Assault Rifle Launcher Improved Grenade Launcher Impact Weapon Power Maul Build | -11 -10 -9 -8 -7 -6 -6 -6 ------- Run | Scr Mat Mat Mat Fac Fac Low Dat Slots Evolved 8 | . . 2 2 2 2 . . Power 1 | . . . 1 . . . . Propulsion 3 | . . 1 1 . 1 . . Utility 4 | . . 1 . 2 1 . . Weapon . | . . . . . . . . Parts Attached 47 | 7 1 4 6 18 6 5 . Power 6 | 1 . 1 1 3 . . . Engine 4 | 1 . 1 1 1 . . . Core 2 | . . . . 2 . . . Reactor . | . . . . . . . . Propulsion 15 | 2 . 2 5 3 1 2 . Treads 1 | . . . . . . 1 . Leg . | . . . . . . . . Wheel 4 | 2 . 2 . . . . . Hover 4 | . . . . 3 1 . . Flight 6 | . . . 5 . . 1 . Utility 12 | 2 1 . . 4 4 1 . Device 5 | 1 . . . 1 2 1 . Storage 3 | 1 1 . . . 1 . . Processor 3 | . . . . 2 1 . . Hackware . | . . . . . . . . Protection 1 | . . . . 1 . . . Artifact . | . . . . . . . . Weapon 14 | 2 . 1 . 8 1 2 . Energy Gun 7 | 1 . 1 . 4 1 . . Energy Cannon . | . . . . . . . . Ballistic Gun 1 | 1 . . . . . . . Ballistic Cannon . | . . . . . . . . Launcher 4 | . . . . 3 . 1 . Special Weapon . | . . . . . . . . Impact Weapon 2 | . . . . 1 . 1 . Slashing Weapon . | . . . . . . . . Piercing Weapon . | . . . . . . . . Special Melee Weapon . | . . . . . . . . Unidentified Prototypes 4 | . . . 1 2 1 . . Parts Lost 21 | . . 2 4 5 2 2 6 Power 4 | . . 1 1 1 . . 1 Propulsion 9 | . . 1 2 1 2 2 1 Utility 5 | . . . 1 1 . . 3 Weapon 3 | . . . . 2 . . 1 Highest Loss Streak 6 | . . 1 2 2 2 4 6 To Critical Strikes . | . . . . . . . . Average Slot Usage (%) 72 | . 100 83 63 66 74 65 61 Engine 4 | . 14 10 9 1 . . . Core 3 | . . . . 4 6 6 5 Treads 1 | . . . . . . 3 5 Wheel 9 | . 28 29 14 . . . . Hover 4 | . . . . 10 23 . . Flight 4 | . . . 16 13 . 2 . Device 11 | . 14 11 4 4 7 17 17 Storage 8 | . 14 11 9 7 6 6 6 Processor 9 | . . . . 12 19 15 13 Energy Gun 6 | . 14 10 4 2 5 6 5 Ballistic Gun 3 | . 14 11 4 . . . . Impact Weapon 2 | . . . . 3 2 5 6 Naked Turns . | . . . . . . . . Heaviest Build 35 | 12 17 18 18 28 28 35 31 Greatest Support 48 | 32 32 48 48 23 30 37 37 Greatest Overweight (x) 11 | . . . . 1 1 11 4 Average Overweight (x) . | . . . . . . 1 . Largest Inventory Capacity 10 | 8 10 10 10 10 10 10 10 Average Capacity 9 | 7 8 10 10 10 10 10 9 Most Carried 10 | 5 3 8 7 10 10 10 8 Average Carried 6 | 1 2 4 4 5 7 8 7 Final Capacity 10 | 8 10 10 10 10 10 10 5 Final Carried 10 | 2 3 6 2 7 10 8 5 Class Distribution -------------------- 83% | Mutant 9% | Sprinter 6% | Scavenger-Mutant Dominant Class ---------------- Mutant | -10/Materials Mutant | -9/Materials Scavenger-Mutant | -8/Materials Mutant | -7/Factory Mutant | -6/Factory Mutant | -6/Lower Caves Mutant | -6/Data Miner Resources | -11 -10 -9 -8 -7 -6 -6 -6 ----------- Run | Scr Mat Mat Mat Fac Fac Low Dat Matter Collected 760 | 285 . 55 . 101 25 294 . Remotely . | . . . . . . . . Salvage Created 654 | 192 . 212 . 152 25 73 . Parts 30 | 15 . 6 . 5 1 3 . Haulers Intercepted . | . . . . . . . . Recyclers Shooed 2 | 1 . . . 1 . . . Parts Field Recycled . | . . . . . . . . Retrieved Matter . | . . . . . . . . Parts Self-Destructed 5 | . . . . . . 5 . Prevented 2 | . . . . . . 2 . Kills | -11 -10 -9 -8 -7 -6 -6 -6 ------- Run | Scr Mat Mat Mat Fac Fac Low Dat Combat Hostiles Destroyed 11 | . . 2 . 4 . 5 . Guns 3 | . . 2 . . . 1 . AOE 7 | . . . . 3 . 4 . Classes Destroyed 7 | 2 . 1 . 2 1 1 . Worker 2 | . . . . 2 . . . Tunneler 5 | 5 . . . . . . . Recycler 3 | 1 . 1 . 1 . . . Watcher 1 | . . . . . 1 . . Swarmer 7 | . . . . 3 . 4 . Sentry 3 | . . 2 . 1 . . . Programmer 1 | . . . . . . 1 . Decomposer 1 | . . . . . . 1 . Best Kill Streak 4 | 2 . 1 . 4 1 4 . Combat Bots Only 4 | . . 1 . 3 . 4 . Max Kills in Single Turn 2 | 1 . 1 . 2 1 2 . Gunslinging . | . . . . . . . . Exploded 2 | . . . . 2 . 2 . Melee . | . . . . . . . . Uniques/NPCs Destroyed . | . . . . . . . . Combat | -11 -10 -9 -8 -7 -6 -6 -6 -------- Run | Scr Mat Mat Mat Fac Fac Low Dat Damage Taken 3257 | . . 326 566 798 84 164 1319 Core 1351 | . . 76 173 209 2 97 794 Absorbed by Shields 102 | . . . . . 34 46 22 Redirected to Shielding 95 | . . . . 95 . . . Core Remaining (%) 83 | 100 100 81 68 70 . . . Volleys Fired 83 | 31 2 15 . 22 4 8 1 Largest 2 | 2 2 2 . 1 1 2 1 Hottest 114 | 70 70 70 . 55 75 114 75 Shots Fired 133 | 62 4 30 . 22 4 10 1 Gun 128 | 62 4 30 . 19 4 8 1 Cannon . | . . . . . . . . Launcher 5 | . . . . 3 . 2 . Special . | . . . . . . . . Kinetic 48 | 31 2 15 . . . . . Thermal 61 | 31 2 15 . . 4 8 1 Explosive 5 | . . . . 3 . 2 . Electromagnetic 19 | . . . . 19 . . . Robot Hit Streak 12 | 12 1 10 . 9 3 11 5 Robot Miss Streak 6 | 4 1 2 . 2 6 5 2 Penetration Max . | . . . . . . . . Secondary Targets . | . . . . . . . . Shots Hit Robots 102 | 34 2 22 . 29 3 10 2 Core Hits 52 | 9 . 9 . 12 4 17 1 Critical Kills . | . . . . . . . . Critical Parts Destroyed 3 | . . 1 . 2 . . . Critical Strikes 4 | . . 2 . 2 . . . Burn 1 | . . 1 . . . . . Destroy 1 | . . 1 . . . . . Smash 2 | . . . . 2 . . . Melee Attacks 16 | . . . . 15 . . 1 Impact 16 | . . . . 15 . . 1 Slashing . | . . . . . . . . Piercing . | . . . . . . . . Sneak Attacks 2 | . . . . 2 . . . Combat Hostiles . | . . . . . . . . Follow-up Attacks . | . . . . . . . . Damage Inflicted 2090 | 379 18 223 . 767 33 598 72 Guns 908 | 379 18 223 . 60 33 169 26 Cannons . | . . . . . . . . Explosions 733 | . . . . 304 . 429 . Melee 449 | . . . . 403 . . 46 Ramming . | . . . . . . . . Kinetic 234 | 129 18 87 . . . . . Thermal 666 | 250 . 136 . 52 33 169 26 Explosive 681 | . . . . 252 . 429 . Electromagnetic 60 | . . . . 60 . . . Impact 449 | . . . . 403 . . 46 Slashing . | . . . . . . . . Piercing . | . . . . . . . . Highest Corruption 4 | . . . . 4 . . . Average Corruption 2 | . . . . 2 . . . Corruption Purged . | . . . . . . . . Corruption Blocked . | . . . . . . . . Effects 9 | . . . . 9 . . . Message Errors 3 | . . . . 3 . . . Matter Fused 4 | . . . . 4 . . . Heat Flow Errors 1 | . . . . 1 . . . Energy Discharges 1 | . . . . 1 . . . Overload Shots . | . . . . . . . . Overflow Damage 173 | . . . . 86 . 87 . Projectiles . | . . . . . . . . Explosions 87 | . . . . . . 87 . Melee 86 | . . . . 86 . . . Knockbacks 1 | . . . . . . . 1 Impact 1 | . . . . . . . 1 Kinetic . | . . . . . . . . Secondary . | . . . . . . . . Self-Inflicted Damage 88 | . . . . 18 . 70 . Shots 3 | . . . . 1 . 2 . Rammed . | . . . . . . . . Targets Rammed . | . . . . . . . . Kicked . | . . . . . . . . Crushed . | . . . . . . . . Highest Temperature 126 | 90 30 93 17 126 43 51 14 Average Temperature 33 | 39 18 31 6 40 20 20 10 Received Heat Transfer 497 | . . 126 261 90 20 . . Siege Activations . | . . . . . . . . Robots Corrupted . | . . . . . . . . Combat Hostiles . | . . . . . . . . Parts Fried 2 | . . . . 2 . . . Impact Corruptions 3 | . . . . 3 . . . Robots Melted . | . . . . . . . . Combat Hostiles . | . . . . . . . . Parts Melted 5 | 1 . 4 . . . . . Heat Transferred 1451 | 740 . 481 . 50 25 135 20 Parts Sabotaged . | . . . . . . . . Parts Stolen . | . . . . . . . . Parts Stripped . | . . . . . . . . Power Chain Reactions . | . . . . . . . . Missiles Intercepted . | . . . . . . . . Alert | -11 -10 -9 -8 -7 -6 -6 -6 ------- Run | Scr Mat Mat Mat Fac Fac Low Dat Peak Influence 216 | 30 19 92 155 216 152 . . Initial 100 | . 19 7 20 70 100 . . Average 67 | 12 19 33 62 120 121 . . Maximum Alert Level 1 | . . . . 1 . . . Low Security (%) 94 | 100 100 100 100 79 100 . . Level 1 5 | . . . . 20 . . . Level 2 . | . . . . . . . . Level 3 . | . . . . . . . . Level 4 . | . . . . . . . . Level 5 . | . . . . . . . . High Security . | . . . . . . . . Max Security . | . . . . . . . . Squads Dispatched 6 | . 1 . 3 2 . . . Investigation 1 | . . . 1 . . . . Extermination 1 | . . . . 1 . . . Reinforcement 4 | . 1 . 2 1 . . . Assault . | . . . . . . . . Garrison . | . . . . . . . . Intercept . | . . . . . . . . Searches Triggered . | . . . . . . . . Construction Impeded . | . . . . . . . . Haulers Reinforced . | . . . . . . . . Active Scanning Responses . | . . . . . . . . Cargo Convoy Interrupts . | . . . . . . . . Stealth | -11 -10 -9 -8 -7 -6 -6 -6 --------- Run | Scr Mat Mat Mat Fac Fac Low Dat Distress Signals 4 | . . 1 1 2 . . . Communications Jammed . | . . . . . . . . Distress Signals . | . . . . . . . . Times Spotted 53 | . 1 8 19 13 3 5 4 Peak Tracking Total 14 | . 1 4 14 4 1 4 4 Tactical Retreats 6 | . . 1 2 3 . . . Traps | -11 -10 -9 -8 -7 -6 -6 -6 ------- Run | Scr Mat Mat Mat Fac Fac Low Dat Traps Triggered 1 | . . . 1 . . . . Indirectly . | . . . . . . . . Trap Hack Attempts . | . . . . . . . . Triggered . | . . . . . . . . Disarmed . | . . . . . . . . Reprogrammed . | . . . . . . . . Reused . | . . . . . . . . Traps Extracted . | . . . . . . . . Installed . | . . . . . . . . Triggered 3 | . . . . 1 . 2 . Machines | -11 -10 -9 -8 -7 -6 -6 -6 ---------- Run | Scr Mat Mat Mat Fac Fac Low Dat Machines Disabled 4 | . . . . 4 . . . Max in Single Turn 4 | . . . . 4 . . . Machines Sabotaged . | . . . . . . . . Garrisons Compromised . | . . . . . . . . Overloaded Fab Kills . | . . . . . . . . Hacking | -11 -10 -9 -8 -7 -6 -6 -6 --------- Run | Scr Mat Mat Mat Fac Fac Low Dat Machines Accessed 12 | . . 1 3 3 1 . 4 Terminals 7 | . . 1 3 2 1 . . Fabricators . | . . . . . . . . Repair Stations . | . . . . . . . . Recycling Units 1 | . . . . 1 . . . Scanalyzers . | . . . . . . . . Garrison Access . | . . . . . . . . Total Hacks 53 | . . 3 11 6 2 . 31 Successful 43 | . . . 9 3 . . 31 Failed 10 | . . 3 2 3 2 . . Catastrophic 3 | . . . . 2 1 . . Database Lockouts . | . . . . . . . . Manual . | . . . . . . . . Terminals 18 | . . 3 11 2 2 . . Fabricators . | . . . . . . . . Repair Stations . | . . . . . . . . Recycling Units 4 | . . . . 4 . . . Scanalyzers . | . . . . . . . . Garrison Access . | . . . . . . . . Terminal Hacks 41 | . . . 9 1 . . 31 Record 14 | . . . 3 . . . 11 Part Schematic 11 | . . . . . . . 11 Robot Schematic 6 | . . . . . . . 6 Prototype ID Bank 3 | . . . . . . . 3 Level Access Points 1 | . . . . 1 . . . Terminal Index 1 | . . . 1 . . . . Alert Level 1 | . . . 1 . . . . Dispatch Records 1 | . . . 1 . . . . Security Status 1 | . . . 1 . . . . Hauler Manifests 1 | . . . 1 . . . . Zone Layout 1 | . . . 1 . . . . Fabricator Hacks . | . . . . . . . . Repair Station Hacks . | . . . . . . . . Recycling Unit Hacks 2 | . . . . 2 . . . Process 1 | . . . . 1 . . . Report Inventory 1 | . . . . 1 . . . Scanalyzer . | . . . . . . . . Garrison Access Hacks . | . . . . . . . . Unauthorized Hacks . | . . . . . . . . Terminals . | . . . . . . . . Fabricators . | . . . . . . . . Repair Stations . | . . . . . . . . Recycling Units . | . . . . . . . . Scanalyzers . | . . . . . . . . Garrison Access . | . . . . . . . . Data Cores Recovered . | . . . . . . . . Used . | . . . . . . . . Hacking Detections 6 | . . 1 1 3 1 . . Full Trace Events . | . . . . . . . . Feedback Events . | . . . . . . . . Feedback Blocked . | . . . . . . . . Robot Schematics Acquired 6 | . . . . . . . 6 Robots Built . | . . . . . . . . Authchips . | . . . . . . . . Time . | . . . . . . . . Total Robot Build Rating . | . . . . . . . . Part Schematics Acquired 11 | . . . . . . . 11 Parts Built . | . . . . . . . . Authchips . | . . . . . . . . Time . | . . . . . . . . Total Part Build Rating . | . . . . . . . . Parts Repaired . | . . . . . . . . Time . | . . . . . . . . Parts Recycled . | . . . . . . . . Recycled Matter 24 | . . . . 24 . . . Retrieved Matter . | . . . . . . . . Retrieved Components . | . . . . . . . . Parts Scanalyzed . | . . . . . . . . Part Schematics Acquired . | . . . . . . . . Parts Damaged . | . . . . . . . . Bothacking | -11 -10 -9 -8 -7 -6 -6 -6 ------------ Run | Scr Mat Mat Mat Fac Fac Low Dat Used RIF Installer . | . . . . . . . . Robots Hacked . | . . . . . . . . Non-combat . | . . . . . . . . Combat . | . . . . . . . . Robot Hacks Applied . | . . . . . . . . Relay Couplers Released . | . . . . . . . . Fabnet Peak Effective % . | . . . . . . . . Robots Rewired . | . . . . . . . . Allies Hacked . | . . . . . . . . Hacks Repelled . | . . . . . . . . Allies | -11 -10 -9 -8 -7 -6 -6 -6 -------- Run | Scr Mat Mat Mat Fac Fac Low Dat Total Allies . | . . . . . . . . Largest Group . | . . . . . . . . Highest-Rated Group . | . . . . . . . . Highest-Rated Ally . | . . . . . . . . Total Orders . | . . . . . . . . Ally Attacks . | . . . . . . . . Total Damage . | . . . . . . . . Kills . | . . . . . . . . Allies Corrupted . | . . . . . . . . Allies Melted . | . . . . . . . . Intel | -11 -10 -9 -8 -7 -6 -6 -6 ------- Run | Scr Mat Mat Mat Fac Fac Low Dat Robot Analysis Total 128 | . . . . . . . 128 Derelict Logs Recovered . | . . . . . . . . Drone Launches . | . . . . . . . . Drone Recoveries . | . . . . . . . . Exploration | -11 -10 -9 -8 -7 -6 -6 -6 ------------- Run | Scr Mat Mat Mat Fac Fac Low Dat Turns Passed 3026 | 219 147 694 157 594 244 813 158 Spaces Moved 2428 | 118 97 479 287 683 318 346 100 Core 25 | 5 . . . . . 5 15 Treads 376 | . . . . . . 291 85 Legs . | . . . . . . . . Wheels 766 | 113 97 479 77 . . . . Hover 535 | . . . . 215 318 2 . Flight 726 | . . . 210 468 . 48 . Fastest Speed 29 | 50 100 100 29 29 48 116 50 Average Speed 96 | 97 100 100 48 59 55 225 148 Slowest Speed 600 | 100 100 100 100 112 116 600 250 Overloaded Moves . | . . . . . . . . Propulsion Burnouts . | . . . . . . . . Robots Hopped 18 | . . . 17 1 . . . Cave-ins Triggered . | . . . . . . . . Exploration Rate (%) 32 | 6 23 33 32 21 13 47 82 Regions Visited 7 Branch Regions 2 Pre-discovered Areas 34 | . . . . . . . 34 Known Exits Taken 1 | . . . . 1 . . . Unknown Exits Taken 6 | 1 1 1 1 . 1 1 . Scrap Searched . | . . . . . . . . Spaces Dug 2 | . . . . 2 . . . Terrain Destroyed 63 | . . . . 26 . 37 . Melee 2 | . . . . 2 . . . Projectile . | . . . . . . . . AOE 61 | . . . . 24 . 37 . Terrain Rammed . | . . . . . . . . Walls Destroyed . | . . . . . . . . Machines Disabled . | . . . . . . . . Actions | -11 -10 -9 -8 -7 -6 -6 -6 --------- Run | Scr Mat Mat Mat Fac Fac Low Dat Total 2954 | 166 143 667 290 826 383 371 108 Wait 308 | . 41 162 4 49 42 6 4 Move 2388 | 117 96 478 255 680 317 345 100 Hop 15 | . . . 14 1 . . . Pick Up 61 | 10 2 7 4 25 10 3 . Fast Attach . | . . . . . . . . Attach 48 | 7 1 4 7 18 6 5 . Detach 4 | . . . . 3 . 1 . Swap . | . . . . . . . . Drop 30 | 1 1 1 6 12 4 3 2 Fire 83 | 31 2 15 . 22 4 8 1 Melee 16 | . . . . 15 . . 1 Ram . | . . . . . . . . Kick . | . . . . . . . . Crush . | . . . . . . . . Escape Stasis . | . . . . . . . . Rewire 1 | . . . . 1 . . . Trap . | . . . . . . . . Miscellaneous . | . . . . . . . . Route ------- -11/Scrapyard -10/Materials -9/Materials -8/Materials -7/Factory (discovered 4 exits: *Fac x4) -6/Factory -6/Lower Caves -6/Data Miner (discovered 1 exit: [*Pro]) History --------- Turn | Location | Event 9 | -11/Scrapyard | Discovered new exit (range 16) 220 | -11/Scrapyard | Entered Materials 313 | -10/Materials | Build established: Mutant 352 | -10/Materials | Discovered new exit (range 15) 367 | -10/Materials | Entered another Materials area 367 | -9/Materials | Evolved 2 slots: Propulsion x1, Utility x1 1054 | -9/Materials | Discovered new exit (range 3) 1061 | -9/Materials | Entered another Materials area 1061 | -8/Materials | Evolved 2 slots: Power x1, Propulsion x1 1210 | -8/Materials | Discovered new exit (range 14) 1218 | -8/Materials | Entered Factory 1218 | -7/Factory | Evolved 2 slots: Utility x2 1377 | -7/Factory | Found Prototype Launcher 1378 | -7/Factory | Identified Rocket Array 1565 | -7/Factory | Identified exit to Factory 1812 | -7/Factory | Entered another Factory area 1812 | -6/Factory | Evolved 2 slots: Propulsion x1, Utility x1 2035 | -6/Factory | Discovered new exit (range 16) 2056 | -6/Factory | Entered Lower Caves 2094 | -6/Lower Caves | Lost 4 parts (4n) 2649 | -6/Lower Caves | Spotted B-75 Beast 2860 | -6/Lower Caves | A Derelict revealed a hidden shortcut to meet someone special 2869 | -6/Lower Caves | Entered Data Miner 2869 | -6/Data Miner | Discovered new exit (range 6) 2890 | -6/Data Miner | Met Data Miner 2941 | -6/Data Miner | Learned location of Section 7 (-2) 2941 | -6/Data Miner | Acquired the access code to Warlord's prototype stash 2969 | -6/Data Miner | Received God Mode back door access code from Data Miner 2982 | -6/Data Miner | Interfaced with the Data Conduit 3011 | -6/Data Miner | Core integrity fell below 50% 3018 | -6/Data Miner | Core integrity fell below 20% 3027 | -6/Data Miner | Destroyed by Enhanced Grunt with Neutron Cannon Last Messages --------------- \\M6HL to gain control via the back door I've installed. Now off with you. Data Miner disappears through a trap door. Interfacing with system... Downloaded 128 analysis records. Downloaded 718 prototype IDs. Downloaded central machine database. Downloaded 33 destinations. Downloaded encryption format records. Connection remotely terminated. [Achievement: Unlimited Data] Adv. Weight Redist. System destroyed. Force Field destroyed. Mic. Nuclear Core destroyed. Imp. Spread Laser destroyed. Med. Treads destroyed. Enhanced Grunt knocked back. Dropped Power Maul. Dropped Med. Storage Unit. Adv. Visual Processing Unit destroyed. Map ----- +----------------------------------------------------+ | | | | | | | | | | | | | | | | | | | | | | | | | | | | | | | | | | | | | ??????????????????????????????????????? | | ??????????????????????????????????????? | | ??????????????????????????????????????? | | ??????????????????????????????????????? | | ??????????????????????????####????????? | | ##########????#########?### #????????? | | """""""""######]# # # ### #????????? | | "" """" " [/# # " ## @< ##????????? | | "" ]! ######???? | | g #???? | | g #???? | | #???? | | ##???? | | """"""""""""""""#####????? | | """"###############????????? | | """###??????????????????????? | | " "#####????????????????????????? | | #""# "#????????????????????????????? | | #"### "#????????????????????????????? | | #"### "#????????????????????????????? | | #"## "#????????????????????????????? | | #"## "#????????????????????????????? | | #"# "#????????????????????????????? | | ??### "#????????????????????????????? | | ????# "##???????????????????????????? | | ???## ""#???????????????????????????? | | ??## ""#???????????????????????????? | | #"#"X ""#???????????????????????????? | | """" "#####???????????????????????? | | """" X"""""#???????????????????????? | | #"#"X "##"##???????????????????????? | | #"## X""""#????????????????????????? | +----------------------------------------------------+ Best States ------------- Heat Dissipation 37 Energy Generation 15 Energy Capacity 150 Matter Stores 300 Matter Capacity 300 Sight Range 22 Robot Scan Range 15 Terrain Scan Density 10 Additional Mass Support 9 Resistance: KI 20 Propulsion Shielding 66 Evasion (%) 64 Targeting Accuracy 8 Recoil Reduction 1 Item Schematics ----------------- Combat Drone Bay | -6/Data Miner | Free Lgt. Regenerative Plating | -6/Data Miner | Free Cld. Nuclear Pulse Thruster | -6/Data Miner | Free Imp. Matter Compressor | -6/Data Miner | Free Enh. Force Rifle | -6/Data Miner | Free Adv. Medium Treads | -6/Data Miner | Free Imp. Cloaking Device | -6/Data Miner | Free HERF Cannon | -6/Data Miner | Free Cmb. Gravmag System | -6/Data Miner | Free Micro-nuke Launcher | -6/Data Miner | Free Adv. Launcher Guidance Computer | -6/Data Miner | Free Robot Schematics ------------------ H-77 Assassin | -6/Data Miner | Free R-10 Processor | -6/Data Miner | Free E-15 Imp | -6/Data Miner | Free B-60 Warrior | -6/Data Miner | Free L-41 Fighter | -6/Data Miner | Free S-27 Virus | -6/Data Miner | Free Fabricated ------------ Nothing Alien Tech Used ----------------- None Achievements -------------- Unlimited Data Challenges ------------ None Game ------ Seed ProtonSurgeDevice Manual? 0 Play Time 00:39:16 Cumulative 42.2 hours Start 2022.12.16 @ 16:47:56 End 2022.12.16 @ 17:35:00 Sessions 1 Manual Loads 0 Difficulty Rogue Special Mode None Game No. 65 Rogue 65 Adventurer 0 Explorer 0 Win Type - Total 1 Types 1/0/0/0/0/0/0/0/0 Lore% 31 Gallery% 39 Achievement% 32 Wizard Run 0 Options --------- ASCII 0 Keyboard 0 Movement Arrows Keybinds 0 Fullscreen 2 Font 16/SmallcapsGlow Map View 76x50 Tactical HUD 0 Map Filters NONE Filters NONE Steam 1 RUN: 1f742857-51d7-492a-9afb-feb2a64eead7